Map: Acropolis LE

Players

HellraiseR

  • Race: Protoss Protoss
  • Spawn Location: 11:00

TSGSolar (Solar) - Winner!

  • Race: Zerg Zerg
  • League: Diamond
  • Spawn Location: 5:00

Event: HomeStory Cup XIX

VOD

Have the link to the VOD?

Description

Time

  • Played on: June 29, 2019, 10:16 a.m.
  • Length: 11:45

All games in this series

Show
View Real Time Build Order
Export as new Build Order

HellraiseR Protoss 

Build Orders: 1 Gate Expand, Oracle Opening, Archon Immortal 

Get SALT Encoding   

  12  0:00  Probe  
  13  0:12  Probe  
  14  0:20  Pylon  
  14  0:22  Probe  
  15  0:34  Probe  
  15  0:38  Gateway  
  16  0:45  Probe  
  16  0:48  Assimilator  
  17  0:57  Probe  
  18  1:09  Probe  
  19  1:19  Nexus  
  19  1:23  Probe  
  20  1:35  Probe  
  20  1:36  Cybernetics Core  
  21  1:41  Assimilator  
  21  1:47  Probe  
  21  1:50  Pylon  
  22  1:58  Probe  
  23  2:02  Adept  
  23  2:06  Probe  
  23  2:14  Probe  
  27  2:24  Stargate  
  27  2:25  Probe  
  27  2:27  Probe  
  28  2:35  Stalker, Probe  
  31  2:37  Probe  
  31  2:41  Warp Gate  
  33  2:45  Probe  
  33  2:49  Probe  
  35  2:57  Probe  
  36  2:59  Oracle  
  36  3:02  Probe  
  37  3:10  Probe  
  41  3:13  Gateway  
  41  3:14  Probe  
  41  3:18  Pylon  
  42  3:22  Probe  
  42  3:26  Probe, Oracle, Assimilator  
  44  3:28  Assimilator  
  44  3:34  Probe  
  45  3:38  Probe  
  45  3:40  Gateway  
  49  3:44  Pylon  
  49  3:46  Probe  
  50  3:50  Probe  
  51  3:56  Twilight Council  
  51  3:58  Probe, Oracle  
  51  4:02  Probe  
  53  4:04  Pylon  
  56  4:10  Probe  
  56  4:14  Probe  
  58  4:17  Pylon  
  58  4:21  Forge, Resonating Glaives  
  59  4:24  Pylon  
  59  4:28  Adept  
  59  4:29  Adept  
  62  4:37  Phoenix  
  64  4:42  Adept  
  66  4:54  Nexus  
  66  5:01  Protoss Ground Weapons Level 1  
  66  5:02  Adept  
  66  5:03  Adept  
  66  5:06  Adept  
  72  5:16  Probe x2  
  72  5:18  Pylon  
  72  5:20  Robotics Facility  
  74  5:25  Adept x2  
  74  5:28  Probe  
  79  5:31  Adept  
  79  5:37  Probe  
  78  5:46  Probe, Nexus  
  78  5:47  Shield Battery  
  78  5:49  Probe  
  80  5:58  Probe  
  82  6:04  Adept, Immortal  
  82  6:05  Adept x2  
  82  6:10  Probe  
  93  6:13  Phoenix  
  94  6:28  Probe x2  
  94  6:38  Pylon  
  94  6:39  Pylon  
  94  6:40  Pylon  
  94  6:43  Probe  
  94  6:48  Protoss Ground Weapons Level 2  
  94  6:52  Phoenix  
  94  6:56  Probe x2, Immortal  
  94  6:57  Sentry  
  94  6:58  Sentry x2  
  94  6:59  Probe  
  109  7:01  Gateway  
  109  7:04  Gateway  
  109  7:06  Gateway  
  109  7:08  Probe x2  
  109  7:11  Phoenix  
  109  7:12  Photon Cannon  
  109  7:14  Shield Battery  
  105  7:15  Probe  
  105  7:20  Probe x2  
  110  7:27  Shield Battery  
  111  7:32  Photon Cannon, Assimilator, Probe  
  111  7:34  Charge  
  111  7:35  Assimilator  
  111  7:36  Probe, Phoenix  
  114  7:43  Probe  
  114  7:44  Immortal, Templar Archives  
  115  7:48  Gateway  
  115  7:49  Gateway  
  119  8:01  Phoenix  
  119  8:05  Probe x3  
  124  8:07  Pylon  
  124  8:26  Phoenix  
  124  8:30  High Templar x2  
  124  8:31  Zealot, High Templar x2  
  124  8:32  Zealot  
  124  8:33  Immortal  
  136  8:35  Archon, Pylon  
  136  8:36  Archon, Pylon  
  138  8:51  High Templar  
  138  8:54  Zealot x2, High Templar  
  144  9:00  Archon  
  144  9:03  Zealot x4  
  144  9:05  Observer  
  144  9:07  Nexus  
  144  9:08  Pylon  
  149  9:14  Phoenix  
  152  9:19  Zealot x2  
  156  9:26  Zealot x3  
  156  9:28  Zealot  
  115  9:39  Zealot x4  
  115  9:40  Probe  
  115  9:42  Probe, Immortal  
  99  9:51  High Templar x3  
  99  9:52  Zealot  
  101  9:54  Photon Cannon  
  101  9:55  Shield Battery  
  101  9:57  Probe x2  
  101  9:58  Probe  
  104  10:00  Oracle  
  104  10:01  High Templar  
  104  10:02  Zealot x2, Archon  
  104  10:06  Zealot, Archon  
  112  10:12  Immortal  
  115  10:19  Zealot  
  117  10:26  Zealot x6  
  125  10:39  Zealot, Immortal  
  125  10:40  Zealot  
  125  10:46  High Templar x2  
  125  10:47  Zealot x2  
  131  10:50  Archon  
  131  10:51  Zealot x2  
  135  11:04  Zealot x2  
  135  11:11  Observer  
  112  11:16  Zealot x4  
  108  11:30  Zealot x4  
Show
View Real Time Build Order
Export as new Build Order

TSGSolar Zerg - Winner!

Build Orders: Hatch First, Lurkers, Roach Hydra 

Get SALT Encoding   

  12  0:01  Drone  
  13  0:12  Overlord  
  13  0:17  Drone  
  14  0:31  Drone x2  
  16  0:47  Hatchery  
  15  0:50  Drone  
  15  0:53  Drone  
  15  0:56  Drone  
  18  1:08  Extractor  
  17  1:12  Spawning Pool  
  17  1:15  Drone  
  17  1:18  Drone  
  18  1:27  Drone  
  19  1:38  Drone  
  20  1:48  Hatchery  
  20  1:53  Drone  
  20  1:59  Queen  
  22  2:03  Drone  
  22  2:07  Drone  
  24  2:12  Drone  
  25  2:16  Metabolic Boost  
  25  2:22  Overlord  
  25  2:31  Queen  
  25  2:34  Zergling x2  
  28  2:41  Zergling x2, Drone  
  28  2:42  Drone  
  31  2:46  Queen  
  31  2:49  Drone  
  34  2:52  Drone  
  34  2:56  Drone  
  36  3:02  Queen  
  36  3:03  Drone  
  39  3:07  Overlord  
  39  3:10  Drone  
  39  3:11  Drone  
  41  3:15  Drone  
  41  3:18  Overlord  
  42  3:27  Drone x2  
  42  3:28  Drone x2  
  42  3:30  Queen  
  48  3:34  Spore Crawler  
  48  3:38  Drone  
  48  3:39  Spore Crawler  
  47  3:41  Drone x2  
  47  3:42  Drone  
  47  3:44  Drone  
  47  3:45  Drone  
  52  3:49  Overlord  
  52  3:50  Drone  
  52  3:53  Drone  
  54  3:57  Drone x3  
  54  3:58  Drone  
  54  4:01  Overlord  
  58  4:07  Overlord  
  58  4:08  Zergling x2  
  59  4:11  Lair  
  59  4:12  Zergling x2  
  59  4:13  Zergling x2  
  59  4:15  Zergling x2  
  59  4:16  Drone  
  63  4:20  Roach Warren  
  63  4:21  Drone  
  63  4:24  Drone x2, Extractor  
  63  4:25  Extractor  
  63  4:28  Drone  
  64  4:31  Zergling x2  
  64  4:34  Zergling x2  
  64  4:37  Drone x3  
  70  4:38  Drone  
  70  4:42  Overlord  
  70  4:44  Zergling x8  
  74  4:48  Drone x2  
  74  4:50  Drone  
  77  4:54  Drone x2  
  77  4:57  Extractor, Overlord  
  77  4:59  Extractor, Spore Crawler  
  76  5:04  Drone x2  
  78  5:09  Overseer  
  78  5:11  Drone x3, Spire  
  78  5:12  Drone  
  81  5:14  Overlord  
  81  5:18  Drone x3, Extractor  
  81  5:20  Overlord  
  83  5:24  Overlord  
  83  5:25  Zergling x2  
  83  5:26  Zergling x6  
  85  5:30  Evolution Chamber  
  85  5:31  Zergling x4  
  85  5:34  Glial Reconstitution  
  82  5:37  Roach  
  82  5:40  Roach  
  83  5:43  Roach x4  
  83  5:47  Roach x2  
  95  5:52  Roach x2  
  95  5:54  Overlord  
  103  5:57  Roach x2  
  103  6:00  Zergling x4  
  103  6:01  Zergling x2  
  106  6:05  Overlord  
  106  6:06  Overlord  
  105  6:12  Drone  
  105  6:13  Drone x2  
  105  6:15  Overlord  
  105  6:16  Drone x2  
  110  6:25  Mutalisk x4  
  109  6:28  Mutalisk x2  
  109  6:31  Mutalisk  
  121  6:35  Zerg Missile Weapons Level 1, Drone  
  121  6:39  Hydralisk Den, Drone  
  122  6:42  Drone x3  
  125  6:50  Hatchery  
  125  6:52  Overlord  
  125  6:53  Drone  
  124  6:54  Drone  
  124  6:58  Overseer  
  124  7:00  Drone x4  
  128  7:03  Drone  
  128  7:04  Drone  
  128  7:06  Drone  
  127  7:15  Grooved Spines  
  127  7:16  Hydralisk x4, Lurker Den  
  127  7:18  Extractor  
  127  7:20  Extractor  
  127  7:21  Hydralisk x2  
  127  7:22  Zergling x2  
  137  7:28  Drone x3  
  137  7:29  Overlord  
  140  7:30  Drone  
  140  7:31  Drone  
  140  7:33  Hydralisk x2  
  146  7:37  Roach x2  
  146  7:41  Hydralisk  
  146  7:43  Overlord  
  152  7:50  Hydralisk x4  
  160  7:55  Overlord  
  160  7:58  Drone  
  160  8:00  Overlord  
  160  8:05  Zergling x14, Roach x2  
  172  8:08  Hydralisk  
  174  8:14  Zergling x6  
  177  8:25  Hydralisk x4  
  184  8:36  Queen  
  184  8:38  Muscular Augments  
  185  8:43  Lurker x2  
  185  8:44  Lurker x5  
  185  8:45  Overlord x2  
  185  8:46  Overlord  
  185  8:48  Overlord  
  192  8:50  Overlord  
  191  8:57  Infestation Pit  
  191  9:00  Lurker x2  
  191  9:01  Overlord  
  191  9:05  Hydralisk  
  191  9:06  Hydralisk x4  
  199  9:12  Hatchery  
  190  9:17  Hydralisk x7  
  190  9:18  Zergling x2  
  190  9:23  Hydralisk  
  198  9:27  Hydralisk  
  185  9:31  Hydralisk  
  185  9:32  Hydralisk x4  
  185  9:33  Zergling x4  
  185  9:34  Zergling x2  
  185  9:37  Overseer  
  174  9:41  Hydralisk x3  
  174  9:45  Zergling x2  
  156  9:51  Hydralisk x3  
  156  9:52  Hydralisk  
  148  9:59  Lurker x2  
  150  10:00  Zergling x2  
  150  10:01  Zergling x6  
  154  10:07  Lurker  
  154  10:08  Lurker  
  154  10:10  Overseer  
  154  10:13  Zergling x8, Extractor  
  159  10:19  Hydralisk  
  159  10:20  Hydralisk x2  
  159  10:21  Hydralisk x2  
  165  10:22  Zergling x2  
  165  10:23  Zergling x16  
  165  10:27  Roach x2  
  178  10:29  Roach  
  166  10:39  Hydralisk x3  
  166  10:42  Lurker x2  
  159  10:46  Lurker  
  159  10:48  Roach x2  
  159  10:49  Zergling x16  
  170  10:53  Roach x3  
  170  10:54  Zergling x4  
  170  10:56  Lurker  
  177  10:57  Hydralisk  
  177  10:58  Zergling x2  
  177  11:00  Roach  
  173  11:05  Hydralisk x2  
  173  11:06  Hydralisk  
  173  11:07  Hydralisk  
  173  11:10  Roach x2  
  155  11:14  Roach x2  
  155  11:18  Hydralisk x3  
  156  11:26  Roach  
  156  11:32  Lurker  
Tags
 
Add a new tag
Caveats
  • Supply blocks, unpowered buildings, or Contaminate may cause inaccurate times.
  • Supply counts are checked every 10 seconds.